 Dungeon Crawl Stone Soup version 0.29-a0-551-gffc1d7fb78 (webtiles) character file.

Game seed: 17425015286920963552

14715 xian the Carver (level 11, -6/84 HPs)
             Began as a Demonspawn Gladiator on June 5, 2022.
             Shot with an arrow by a centaur warrior (14 damage)
             ... on level 11 of the Dungeon.
             The game lasted 00:42:49 (10068 turns).

xian the Carver (Demonspawn Gladiator)             Turns: 10068, Time: 00:42:49

Health: -6/84      AC: 26    Str: 26    XL:     11   Next: 92%
Magic:  11/11      EV: 14    Int:  9    God:
Gold:   686        SH: 15    Dex: 17    Spells: 10/10 levels left

rFire   + . .      SeeInvis .   H - +4 flail (freeze)
rCold   . . .      Faith    .   y - +3 buckler
rNeg    . . .      Spirit   .   r - +6 plate armour of a treasure trove {Will+ Dex+3}
rPois   .          Reflect  .   c - +0 helmet
rElec   .          Harm     .   (cloak unavailable)
rCorr   .          Rampage  ∞   M - +0 pair of gloves
Will    +....                   z - +3 pair of seven-league boots {Rampage+∞}
Stlth   ..........              (no amulet)
HPRegen 0.24/turn               f - +6 ring of strength
MPRegen 0.12/turn               B - ring of protection from fire

@: mighty, agile
A: large bone plates 2, powered by pain 1, spiny 1, weakness stinger 3
a: no special abilities


You were on level 11 of the Dungeon.
You visited 1 branch of the dungeon, and saw 11 of its levels.
You also visited: Ossuary and Bailey.

You collected 686 gold pieces.

Inventory:

Hand Weapons
 a - a +1 vorpal long sword
 H - a +4 flail of freezing (weapon)
Missiles
 d - 4 throwing nets
 e - a javelin
 m - 6 curare-tipped darts
 p - 51 poisoned darts (quivered)
 x - 2 silver boomerangs
 C - 5 atropa-tipped darts
 Y - 6 silver javelins
Armour
 c - a +0 helmet (worn)
 r - the +6 plate armour of a treasure trove (worn) {Will+ Dex+3}
   (You found it on level 4 of the Dungeon)

   Dex:       It affects your dexterity (+3).
   Will:      It increases your willpower.
 y - a +3 buckler (worn)
 z - the +3 pair of seven-league boots (worn) {Rampage+∞}
   (You acquired it in a bailey)

   Its wearer moves as far as possible in that direction when moving towards
   enemies.
 I - the +3 chain mail of Philately {rC- rCorr Int+2}
   (You took it off an orc warrior on level 6 of the Dungeon)

   Int:       It affects your intelligence (+2).
   rC:        It makes you vulnerable to cold.
   rCorr:     It protects you from acid and corrosion.
 J - a scarf of invisibility
 M - a +0 pair of gloves (worn)
Jewellery
 f - a +6 ring of strength (left hand)
 B - a ring of protection from fire (right hand)
 K - a ring of wizardry
 N - a ring of magical power
Wands
 w - a wand of digging (4)
 A - a wand of paralysis (14)
 D - a wand of acid (4)
 G - a wand of mindburst (23)
 P - a wand of iceblast (5)
 X - a wand of charming (4)
Scrolls
 b - 4 scrolls of fog
 k - a scroll of enchant armour
 s - a scroll of blinking
 F - 4 scrolls of teleportation
 O - a scroll of enchant weapon
 S - a scroll of magic mapping
 T - 2 scrolls of fear
 U - a scroll of silence
Potions
 g - 4 potions of lignification
 h - 3 potions of resistance
 i - 3 potions of might
 j - a potion of invisibility
 l - 4 potions of mutation
 n - 4 potions of curing
 u - 3 potions of flight
 v - 3 potions of heal wounds
 E - a potion of brilliance
 Q - a potion of attraction
 R - a potion of berserk rage
 V - a potion of haste
 Z - a potion of cancellation {unknown}


   Skills:
 + Level 7.3 Fighting
 + Level 11.2 Long Blades
 + Level 2.5 Maces & Flails
 + Level 4.7 Throwing
 + Level 6.9 Armour
 + Level 4.3 Dodging
 + Level 1.1 Stealth
 + Level 8.4 Shields


You had 10 spell levels left.
You didn't know any spells.
Your spell library contained the following spells:

 Spells                   Type           Power      Damage    Failure   Level
 Beastly Appendage        Tmut           0%         N/A       99%         1
 Shock                    Conj/Air       0%         1d3       99%         1
 Sting                    Tmut/Pois      0%         1d3       99%         1
 Poisonous Vapours        Pois/Air       0%         N/A       100%        2
 Scorch                   Fire           0%         2d5       100%        2
 Wereblood                Tmut           0%         N/A       100%        2
 Confusing Touch          Hex            0%         N/A       100%        3
 Frozen Ramparts          Ice            0%         1d2       100%        3
 Portal Projectile        Hex/Tloc       0%         N/A       100%        3
 Spider Form              Tmut/Pois      0%         N/A       100%        3
 Swiftness                Air            0%         N/A       100%        3
 Tukima's Dance           Hex            0%         N/A       100%        3
 Airstrike                Air            0%         N/A       100%        4
 Flame Wave               Conj/Fire      0%         2d4       100%        4
 Ice Form                 Ice/Tmut       0%         N/A       100%        4
 Olgreb's Toxic Radiance  Pois           0%         N/A       100%        4
 Summon Ice Beast         Ice/Summ       0%         N/A       100%        4
 Blade Hands              Tmut           0%         N/A       100%        5
 Freezing Cloud           Conj/Ice/Air   0%         6-21      100%        5
 Yara's Violent Unravell  Hex/Tmut       0%         3d3       100%        5
 Simulacrum               Ice/Necr       0%         N/A       100%        6
 Summon Cactus Giant      Summ           0%         N/A       100%        6
 Enfeeble                 Hex            0%         N/A       100%        7
 Polar Vortex             Ice            0%         N/A       100%        9


Dungeon Overview and Level Annotations

Branches:
Dungeon (11/15)            Temple (0/1) D:6            Lair (0/6) D:9
    Orc (0/2) D:9         Ossuary (visited)          Bailey (visited)

Altars:
Hepliaklqana
Okawaru
Qazlal
Beogh

Shops:
D:5 *   D:6 ?

Annotations:
D:11 Urug


Innate Abilities, Weirdness & Mutations

You are mostly covered in large bone plates. (SH +6)
You sometimes gain a little power by taking damage.
You are partially covered in sharp spines.
You have a sharp stinger which inflicts weakening toxins.


Message History

The orc warrior hits you from afar with a +0 glaive.
The centaur warrior hits you! You block the centaur warrior's attack.
You closely miss the centaur warrior.
The centaur warrior is almost dead.
You block the centaur warrior's attack. x2
The orc warrior hits you from afar with a +0 glaive!
The centaur warrior hits you but does no damage.
The centaur warrior kicks you.
You sock the centaur warrior! You freeze the centaur warrior.
You kill the centaur warrior!
The centaur warrior wields a +0 shortbow.
The centaur warrior shoots an arrow.
The arrow barely misses you.
Unknown command.
You hit the centaur warrior. You freeze the centaur warrior.
The centaur warrior is lightly wounded.
The centaur warrior unwields a +0 shortbow.
The centaur warrior hits you. You block the centaur warrior's attack.
Urug hits you from afar with a +4 halberd!
You focus on the pain.
You feel agile all of a sudden.
Blink to where?
Press: ? - help, Dir - move target
As you read the scroll of blinking, it crumbles to dust.
The centaur warrior wields a +0 shortbow.
The centaur warrior shoots an arrow.
The arrow hits you!
* * * LOW HITPOINT WARNING * * *
You focus on the pain.
You feel more agile all of a sudden.
The centaur warrior shoots an arrow.
You block the arrow.
The centaur warrior shoots an arrow.
You block the arrow.
The centaur warrior shoots an arrow.
The arrow hits you but does no damage.
The centaur warrior shoots an arrow.
You block the arrow.
The centaur warrior shoots an arrow.
The arrow hits you but does no damage.
The centaur warrior shoots an arrow.
The arrow hits you but does no damage.
The centaur warrior shoots an arrow.
You block the arrow.
The centaur warrior shoots an arrow.
The arrow completely misses you.
The centaur warrior shoots an arrow.
The arrow hits you!
* * * LOW HITPOINT WARNING * * *
The centaur warrior shoots an arrow.
The arrow hits you!
You die...

... ..##.o#####co....... ...
##. ##.#....).# ##+ #
#.....###.. ## #..........
.### #......#### ...###
#......# .....### ###......#
≈......##############.c......#
................@.....#......#
............................##
#############################


You could see a centaur warrior.

Vanquished Creatures
  2 boulder beetles
  A centaur warrior (D:11)
  3 two-headed ogres
  A deep elf knight (D:11)
  A deep elf archer (D:11)
  2 unseen horrors
  Psyche (D:10)
  3 trolls
  Grinder (D:6)
  Sigmund (D:5)
  A shadow (D:11)
  A wraith (D:10)
  13 yaks
  3 spriggans (Bailey)
  A wyvern (D:9)
  7 vampire mosquitoes (D:11)
  2 steam dragons
  An acid dragon (D:11)
  3 water moccasins
  4 orc warriors
  2 sky beasts
  A black bear (D:5)
  2 ice beasts
  8 ogres
  6 centaurs
  A gnoll sergeant (D:10)
  2 bullfrogs (D:7)
  A kobold brigand (D:6)
  A necrophage (D:6)
  2 scorpions
  4 water moccasin zombies (Ossuary)
  10 wights
  3 howler monkeys (D:7)
  2 jellies
  The ghost of samgaumpmail the Skirmisher, a weakling FeTm (D:6)
  A hound (D:5)
  4 orc priests
  Jessica (D:3)
  Ijyb (D:5)
  4 iguanas
  Natasha (twice) (D:3)
  An orc wizard (D:7)
  3 mummies
  4 gnolls (D:10)
  6 adders
  A shadow imp (D:5)
  A white imp (D:8)
  An ufetubus (D:6)
  7 adder zombies (Ossuary)
  2 worms
  25 orcs
  5 ball pythons
  6 bats
  4 endoplasms
  2 giant cockroaches
  11 goblins
  11 hobgoblins
  10 jackals
  16 kobolds
  3 quokkas
  A frilled lizard (D:2)
  2 gnoll zombies (Ossuary)
  6 hobgoblin zombies (Ossuary)
  4 kobold zombies (Ossuary)
  6 orc zombies (Ossuary)
  6 rats
255 creatures vanquished.

Vanquished Creatures (others)
  11 plants (D:9)
11 creatures vanquished.

Grand Total: 266 creatures vanquished

Notes
Turn   | Place    | Note
-------+----------+-------------------------------------------
     0 | D:1      | xian the Demonspawn Gladiator began the quest for the Orb.
     0 | D:1      | Reached XP level 1. HP: 16/16 MP: 1/1
   212 | D:1      | Gained mutation: You are partially covered in sharp spines.
                  | [demonic ancestry]
   212 | D:1      | Reached XP level 2. HP: 19/22 MP: 2/2
   476 | D:1      | Found a faded altar of an unknown god.
   481 | D:1      | Reached skill level 3 in Long Blades
   591 | D:1      | Gained mutation: You are partially covered in large bone
                  | plates. (SH +4) [demonic ancestry]
   591 | D:1      | Reached XP level 3. HP: 27/27 MP: 3/3
  1142 | D:2      | You fall into a shaft and drop 1 floor!
  1474 | D:3      | Reached skill level 1 in Armour
  1699 | D:3      | Gained mutation: You sometimes gain a little power by
                  | taking damage. [demonic ancestry]
  1699 | D:3      | Reached XP level 4. HP: 28/34 MP: 4/4
  1806 | D:3      | Reached skill level 1 in Shields
  1838 | D:3      | Noticed Natasha
  1846 | D:3      | Killed Natasha
  1951 | D:3      | Noticed Jessica
  1956 | D:3      | Killed Jessica
  1957 | D:3      | Gained mutation: You have a small tail. [demonic ancestry]
  1957 | D:3      | Reached XP level 5. HP: 27/41 MP: 5/5
  2154 | D:3      | Noticed Natasha
  2157 | D:3      | Killed Natasha
  2756 | D:4      | Noticed an ogre
  2766 | D:4      | Killed an ogre
  2767 | D:4      | Reached skill level 4 in Long Blades
  2767 | D:4      | Reached XP level 6. HP: 47/47 MP: 6/6
  2824 | D:4      | Identified the +6 plate armour of a treasure trove {Will+
                  | Dex+3}
  2954 | D:4      | Found a sand-covered staircase.
  2961 | Ossuary  | Entered an ossuary
  3110 | Ossuary  | Reached XP level 7. HP: 49/52 MP: 7/7
  3150 | Ossuary  | Reached skill level 5 in Long Blades
  3667 | D:5      | Entered Level 5 of the Dungeon
  3752 | D:5      | Noticed Sigmund
  3774 | D:5      | Killed Sigmund
  3775 | D:5      | Reached skill level 6 in Long Blades
  3803 | D:5      | Noticed Ijyb
  3819 | D:5      | Paralysed by Ijyb for 2 turns
  3835 | D:5      | Killed Ijyb
  3867 | D:5      | Found Uxtuothu's Elemental Accessories.
  3961 | D:5      | Gained mutation: You have a tail ending in a sharp stinger.
                  | [demonic ancestry]
  3961 | D:5      | Reached XP level 8. HP: 61/61 MP: 8/8
  4408 | D:6      | Found a staircase to the Ecumenical Temple.
  4554 | D:6      | Reached skill level 7 in Long Blades
  4564 | D:6      | Reached skill level 5 in Fighting
  4607 | D:6      | Found Iniadd's Magic Scroll Shoppe.
  4717 | D:6      | Found a runed translucent gate.
  4717 | D:6      | Found a runed translucent gate.
  4717 | D:6      | Found a runed translucent gate.
  4720 | D:6      | Noticed samgaumpmail's ghost (weakling FeTm)
  4722 | D:6      | Identified the +3 chain mail of Philately {rC- rCorr Int+2}
  4774 | D:6      | Gained mutation: You are mostly covered in large bone
                  | plates. (SH +6) [demonic ancestry]
  4774 | D:6      | Reached XP level 9. HP: 68/68 MP: 9/9
  4780 | D:6      | Killed samgaumpmail's ghost
  5208 | D:6      | Noticed Grinder
  5225 | D:6      | Killed Grinder
  5497 | D:7      | Reached skill level 8 in Long Blades
  5575 | D:7      | Reached skill level 5 in Shields
  6129 | D:8      | Found a hazy altar of Hepliaklqana.
  6129 | D:8      | Found a stormy altar of Qazlal.
  6192 | D:8      | Found a flagged portal.
  6214 | Bailey   | Entered a bailey
  6237 | Bailey   | Reached skill level 9 in Long Blades
  6280 | Bailey   | Reached XP level 10. HP: 69/74 MP: 10/10
  6357 | Bailey   | Noticed a two-headed ogre
  6369 | Bailey   | Killed a two-headed ogre
  6401 | Bailey   | Identified a scroll of acquirement
  6401 | Bailey   | Acquired the +3 pair of seven-league boots {Rampage+∞}
  6401 | Bailey   | Found the +3 pair of seven-league boots {Rampage+∞}
  6609 | D:8      | Noticed a two-headed ogre
  6619 | D:8      | Killed a two-headed ogre
  6620 | D:8      | Reached skill level 5 in Armour
  6692 | D:8      | Noticed a boulder beetle
  6706 | D:8      | HP: 3/76 [boulder beetle (38)]
  6707 | D:8      | Killed a boulder beetle
  6708 | D:8      | Reached skill level 10 in Long Blades
  7496 | D:9      | Reached skill level 1 in Stealth
  7793 | D:9      | Gained mutation: You have a sharp stinger which inflicts
                  | weakening toxins. [demonic ancestry]
  7793 | D:9      | Reached XP level 11. HP: 83/83 MP: 11/11
  7810 | D:9      | Found a staircase to the Lair.
  7876 | D:9      | Found a staircase to the Orcish Mines.
  8008 | D:10     | Entered Level 10 of the Dungeon
  8529 | D:10     | Noticed Psyche
  8536 | D:10     | Killed Psyche
  9132 | D:11     | Noticed a boulder beetle
  9153 | D:11     | Killed a boulder beetle
  9154 | D:11     | Reached skill level 11 in Long Blades
  9178 | D:11     | Noticed a boulder beetle
  9415 | D:11     | Noticed a two-headed ogre
  9427 | D:11     | Killed a two-headed ogre
  9564 | D:11     | Reached skill level 1 in Maces & Flails
  9879 | D:11     | Found an iron altar of Okawaru.
  9879 | D:11     | Noticed an orc knight
  9880 | D:11     | Noticed a centaur warrior
  9940 | D:11     | Noticed a deep elf knight
  9940 | D:11     | Noticed a deep elf archer
  9947 | D:11     | Killed a deep elf knight
  9957 | D:11     | Killed a deep elf archer
 10042 | D:11     | Noticed a centaur warrior
 10046 | D:11     | Noticed a centaur warrior
 10046 | D:11     | Noticed Urug
 10046 | D:11     | Identified the +9 gold dragon scales "Tytyteis" {rPois rF+
                  | rC+ Str+2}
 10051 | D:11     | Killed a centaur warrior
 10068 | D:11     | Shot with an arrow by a centaur warrior

Illustrated notes

Levels and vault maps discovered:
D:1:      nicolae_arrival_washed_ashore, layout_rooms,
          chequers_ecumenical_altar_simple, grunt_decor_junction
D:2:      layout_loops_ring
D:3:      cheibrodos_greedy_goblins, layout_basic, minmay_box_of_dots,
          uniq_jessica, uniq_natasha
D:4:      layout_rooms, gup_ossuary_entry_pyramid
D:5:      layout_cave_pools, nicolae_elemental_shop, uniq_sigmund, uniq_ijyb
D:6:      layout_loops_ring, minmay_temple_entry_waves,
          biasface_ghost_orc_armoury, serial_shops, nicolae_shop_behind_doors,
          uniq_grinder
D:7:      layout_basic
D:8:      layout_gridville, chequers_temple_overflow_statue_of_worship,
          enter_bailey_6
D:9:      layout_long_grid, david_lair_shrubbed, orc_0_dummy
D:10:     layout_stronghold, kennysheep_windowed_goal, uniq_psyche
D:11:     evilmike_iron_armoury, layout_cave_pools, serial_column_ruins,
          column_ruins_hut, column_ruins_grid_3, column_ruins_open_small,
          column_ruins_grid_2, uniq_urug

Skill      XL: |  1  2  3  4  5  6  7  8  9 10 11 |
---------------+----------------------------------+-----
Dodging        | 3 4 |  4.3
Throwing       | 2 3 4 |  4.7
Long Blades    | 3 4 6 7 9 10 11 | 11.2
Armour         | 1 2 3 4 5 6 |  6.9
Shields        | 1 2 3 5 6 8 |  8.4
Fighting       | 3 4 5 6 7 |  7.3
Stealth        | 1 |  1.1
Maces & Flails | 2 |  2.5

Action                   |  1- 3 |  4- 6 |  7- 9 | 10-12 || total
-------------------------+-------+-------+-------+-------++-------
Melee: Long sword        |    89 |   120 |   310 |   255 ||   774
       Punch             |       |     2 |     1 |       ||     3
       Tailslap          |       |    19 |    47 |    52 ||   118
       Flail             |       |       |       |    35 ||    35
Throw: Javelin           |     6 |     3 |     2 |       ||    11
       Throwing net      |       |     2 |       |       ||     2
       Dart              |       |       |    30 |    23 ||    53
  Use: Scroll            |    10 |       |    10 |    10 ||    30
       Potion            |       |       |     1 |     1 ||     2
Armor: Leather armour    |    43 |    21 |       |       ||    64
       Plate armour      |       |    48 |    98 |   171 ||   317
Dodge: Dodged            |    54 |    56 |    71 |    77 ||   258
Block: Other             |    12 |    18 |     2 |       ||    32
       Buckler           |       |       |   182 |   256 ||   438

Table legend: (Time is in decaauts)
 A = Elapsed time spent in this place.
 B = Non-inter-level travel time spent in this place.
 C = Inter-level travel time spent in this place.
 D = Time resting spent in this place.
 E = Time spent auto-exploring this place.
 F = Levels seen in this place.
 G = Mean time per level.
                   A        B        C        D        E       F      G
               +--------+--------+--------+--------+--------+-----+--------+
         Total |  10146 |   9823 |    323 |    385 |   5855 |  13 |  780.5 |
       Dungeon |   9504 |   9181 |    323 |    385 |   5712 |  11 |  864.0 |
       Ossuary |    368 |    368 |      0 |      0 |     93 |   1 |  368.0 |
        Bailey |    273 |    273 |      0 |      0 |     50 |   1 |  273.0 |
               +--------+--------+--------+--------+--------+-----+--------+

Top non-repeatable levels by time:
    D:11: 1148 daAuts
     D:3: 1136 daAuts
     D:6: 1006 daAuts
     D:8: 934 daAuts
    D:10: 904 daAuts
     D:1: 893 daAuts
     D:7: 757 daAuts
     D:2: 756 daAuts
     D:9: 710 daAuts
     D:5: 692 daAuts
     D:4: 563 daAuts
 Ossuary: 368 daAuts
  Bailey: 273 daAuts
